 Dungeon Crawl Stone Soup version 0.29.1-13-g9f3cf754e1 (webtiles) character file.

Game seed: 6740623089052670902

5380 croobank the Covert (level 10, -9/71 HPs)
             Began as an Octopode Delver on Feb 8, 2023.
             Was an Initiate of Gozag.
             Mangled by a two-headed ogre
             ... wielding a +0 giant club
              (30 damage)
             ... on level 9 of the Dungeon.
             The game lasted 00:27:43 (11535 turns).

croobank the Covert (Octopode Delver)              Turns: 11535, Time: 00:27:44

Health: -9/71      AC:  1    Str: 14    XL:     10   Next: 66%
Magic:  17/17      EV: 15    Int: 15    God:    Gozag
Gold:   721        SH:  5    Dex: 13    Spells: 12/18 levels left

rFire   . . .      SeeInvis .   v - +0 arbalest
rCold   . . .      Faith    .   (shield currently unavailable)
rNeg    . . .      Spirit   .   (helmet restricted)
rPois   .          Reflect  +   d - amulet of reflection
rElec   .          Harm     .   e - ring of resist corrosion
rCorr   +          Rampage  .   o - +4 ring of slaying
Will    .....                   (no ring)
Stlth   ++++++....              (no ring)
HPRegen 0.21/turn               (no ring)
MPRegen 0.15/turn               (no ring)
                                (no ring)
                                (no ring)

@: hasted, very quick
A: almost no armour, amphibious, 8 rings, camouflage 1, gelatinous body 1,
(nimble swimmer 1), tentacles
a: Renounce Religion, Potion Petition, Call Merchant, Bribe Branch


You were on level 9 of the Dungeon.
You worshipped Gozag.
Gozag was pleased with you.
You visited 2 branches of the dungeon, and saw 11 of its levels.

You collected 1005 gold pieces.
You spent 120 gold pieces at shops.
You paid 164 gold pieces to Gozag.

Inventory:

Hand Weapons
 a - a +0 hand axe
 f - the +6 long sword of the Pharaoh's Fist {vorpal, rC- Str+5 Dex+7}
   (You took it off a hobgoblin on level 2 of the Dungeon)

   It inflicts extra damage upon your enemies.
   Str:       It affects your strength (+5).
   Dex:       It affects your dexterity (+7).
   rC:        It makes you vulnerable to cold.
 p - a +3 short sword
 v - a +0 arbalest (weapon)
 J - a +2 trident of distortion
Missiles
 n - 5 poisoned darts
 y - 6 atropa-tipped darts
 G - 6 boomerangs
Armour
 A - an orb of energy
 F - a +3 buckler
Magical Staves
 k - a staff of death
Jewellery
 d - an amulet of reflection (around mantle)
 e - a ring of resist corrosion (left tentacle)
 j - a ring of ice
 o - a +4 ring of slaying (right tentacle)
 q - a +4 ring of protection
 H - a ring of wizardry
Wands
 c - a wand of mindburst (13)
 E - a wand of iceblast (8)
 I - a wand of paralysis (4)
Scrolls
 b - a scroll of fog
 g - 3 scrolls of poison
 h - 4 scrolls of vulnerability
 i - 4 scrolls of teleportation
 m - a scroll of enchant armour
 z - a scroll of magic mapping
Potions
 l - a potion of heal wounds
 s - 4 potions of curing
 t - 2 potions of ambrosia
 u - 3 potions of lignification
 w - a potion of attraction
 x - 3 potions of resistance
 B - a potion of flight
 C - 2 potions of mutation {unknown}
 K - a potion of magic {unknown}


   Skills:
 + Level 7.4 Fighting
 + Level 5.4 Long Blades
 - Level 4.0 Axes
 + Level 6.9 Dodging
 + Level 11.4 Stealth
 * Level 1.4 Shields
 + Level 4.8 Spellcasting
 + Level 6.4 Poison Magic


You had 12 spell levels left.
You knew the following spells:

 Your Spells              Type           Power      Damage    Failure   Level
a - Poisonous Vapours     Pois/Air       26%        N/A       7%          2
b - Olgreb's Toxic Radia  Pois           23%        N/A       12%         4

Your spell library contained the following spells:

 Spells                   Type           Power      Damage    Failure   Level
 Sting                    Tmut/Pois      52%        1d5       4%          1
 Frozen Ramparts          Ice            6%         1d1       45%         3
 Ice Form                 Ice/Tmut       3%         N/A       86%         4
 Summon Ice Beast         Ice/Summ       3%         N/A       86%         4
 Summon Lightning Spire   Summ/Air       3%         N/A       86%         4
 Iskenderun's Battlesphe  Conj           3%         2d6       99%         5
 Iron Shot                Conj/Erth      1%         9d1       100%        6
 Spellforged Servitor     Conj/Summ      1%         N/A       100%        7
 Storm Form               Tmut/Air       1%         N/A       100%        7
 Maxwell's Capacitive Co  Air            1%         ∞         100%        8
 Corpse Rot               Necr/Pois/Air  Unusable   N/A       N/A         4

Dungeon Overview and Level Annotations

Branches:
Dungeon (10/15)            Temple (1/1) D:5
   Lair: D:8-11         Orc: D:9-12

Altars:
Ashenzari
Cheibriados
Dithmenos
Elyvilon
Gozag
Hepliaklqana
Kikubaaqudgha
Makhleb
Nemelex Xobeh
Okawaru
Qazlal
Ru
Sif Muna
Trog
Uskayaw
Vehumet
Wu Jian
Xom
Yredelemnul
The Shining One

Shops:
D:4 *=   D:6 (

Annotations:
D:7 1 runed translucent door, Crazy Yiuf


Innate Abilities, Weirdness & Mutations

You cannot wear most types of armour.
You are amphibious.
You can wear up to eight rings at the same time.
Your skin changes colour to match your surroundings (Stealth+).
Your rubbery body absorbs attacks. (AC +1, EV +1)
((You are camouflaged when in or above water. (Stealth+)))
You have tentacles for arms and can constrict up to eight enemies at once.


Message History

[Y]es or [N]o only, please.
Really attack while wielding your +0 arbalest?
Okay, then.
You feel stronger.
You feel agile.
f - the +6 long sword of the Pharaoh's Fist (weapon)
{vorpal, rC- Str+5 Dex+7} The orc hits you with a +0 mace!
* * * LOW HITPOINT WARNING * * *
You slash the orc!
You kill the orc!
There is a stone staircase leading up here.
Okay, then.
You climb upwards.
There is a stone staircase leading down here.
You start resting.
A two-headed ogre is nearby!
A two-headed ogre is nearby!
v - a +0 arbalest (weapon)
Fire: v) +0 arbalest
Press: ? - help, Q - select action, (/) - cycle Shift-Dir - straight line, f - two-headed ogre
Aim: a two-headed ogre, wielding a +0 giant club and a +0 giant spiked club (wandering, hasn't noticed you, 75% to hit)
You shoot a bolt. The two-headed ogre shouts in stereo!
The bolt hits the two-headed ogre!
The two-headed ogre is moderately wounded.
Fire: v) +0 arbalest
Press: ? - help, Q - select action, (/) - cycle Shift-Dir - straight line, f/p - two-headed ogre
Aim: a two-headed ogre, wielding a +0 giant club and a +0 giant spiked club (moderately wounded, 75% to hit)
You shoot a bolt. The bolt hits the two-headed ogre!
The two-headed ogre is heavily wounded.
Fire: v) +0 arbalest
Press: ? - help, Q - select action, (/) - cycle Shift-Dir - straight line, f/p - two-headed ogre
Aim: a two-headed ogre, wielding a +0 giant club and a +0 giant spiked club (heavily wounded, 75% to hit)
You shoot a bolt.
The bolt hits the two-headed ogre but does no damage.
The two-headed ogre is heavily wounded.
Okay, then.
You feel yourself speed up.
The two-headed ogre hits you with a +0 giant club!!
You die...
Your body crumbles into a pile of gold.

,,,,,,,,,,,,,,,,,,,,,,,,,,,,,,,,,
,,,,,,,,,,,,,,,,,,,,,,,,,,,,,,,,,
***######################*****,,,
,.........................,,,,,,,
,.........................^,,,,,,
,..........................,,,,,,
,,.........................,,,,,,
,,,..............O.........,,,,,,
######..........@..........,,,,,,
.....#.....................,,,,,,
.....#.....................,,**+*
.....#....###'###....########*,,,
........).#..................*,,,
..........#..................*,,,
..........+..................*,,,
..........#..................*,,,
..........#..................*,,,


You could see a two-headed ogre.

Vanquished Creatures
  A wyvern (D:7)
  9 yaks
  Eustachio (D:4)
  A steam dragon (D:8)
  Duvessa (D:5)
  2 water moccasins
  2 orc warriors
  2 ice beasts
  A sky beast (D:8)
  3 black bears
  2 ogres
  3 centaurs
  A phantom (D:7)
  Blork the orc (D:5)
  6 bullfrogs
  A gnoll sergeant (D:9)
  2 necrophages
  4 scorpions
  Dowan (D:5)
  6 killer bees
  2 howler monkeys
  6 hounds
  2 orc priests
  3 jellies
  4 orc wizards
  4 iguanas
  17 gnolls
  8 adders
  2 shadow imps
  4 white imps
  3 ufetubi
  2 worms
  2 dart slugs
  21 orcs
  7 endoplasms
  4 giant cockroaches
  7 hobgoblins
  4 jackals (D:3)
  7 kobolds
  7 quokkas
  11 ball pythons
  8 bats
  4 frilled lizards
  2 goblins
  6 rats
197 creatures vanquished.

Notes
Turn   | Place    | Note
-------+----------+-------------------------------------------
     0 | D:5      | croobank the Octopode Delver began the quest for the Orb.
     0 | D:5      | Reached XP level 1. HP: 16/16 MP: 1/1
     1 | D:6      | You fall into a shaft and drop 3 floors!
    75 | D:9      | Found a bloodstained altar of Trog.
    75 | D:9      | Noticed a black bear
    75 | D:9      | Noticed a black bear
    84 | D:8      | Noticed a steam dragon
    84 | D:8      | Noticed a bullfrog
   106 | D:8      | Noticed an orc wizard
   107 | D:8      | Noticed an orc priest
   108 | D:8      | Noticed a centaur
   114 | D:8      | Killed a bullfrog
   115 | D:8      | Reached skill level 7 in Stealth
   115 | D:8      | Reached XP level 2. HP: 3/21 MP: 2/2
   115 | D:8      | Reached XP level 3. HP: 4/26 MP: 3/3
   115 | D:8      | Reached XP level 4. HP: 5/31 MP: 4/4
   130 | D:8      | Noticed an ice beast
   183 | D:7      | Noticed an orc warrior
   501 | D:6      | Noticed a water moccasin
   737 | D:7      | Killed a water moccasin
   738 | D:7      | Reached XP level 5. HP: 9/37 MP: 5/5
   744 | D:7      | HP: 1/37 [poisoned by a water moccasin]
  1189 | D:5      | Reached XP level 6. HP: 32/43 MP: 6/6
  1266 | D:6      | Found Haucih's Weapon Emporium.
  1300 | D:4      | Reached skill level 8 in Stealth
  1535 | D:2      | Reached XP level 7. HP: 49/49 MP: 7/7
  1738 | D:2      | Found a glowing golden altar of the Shining One.
  1769 | D:2      | Identified the +6 long sword of the Pharaoh's Fist {vorpal,
                  | rC- Str+5 Dex+7}
  2111 | D:1      | Found a faded altar of an unknown god.
  2498 | D:1      | Learned a level 2 spell: Poisonous Vapours
  4044 | D:4      | Reached skill level 1 in Poison Magic
  4192 | D:4      | Reached skill level 1 in Long Blades
  4218 | D:4      | Noticed Eustachio
  4223 | D:4      | Killed Eustachio
  4224 | D:4      | Reached skill level 1 in Spellcasting
  4257 | D:4      | Found Meunuj's General Store.
  4260 | D:4      | Bought 2 potions of heal wounds for 120 gold pieces
  4355 | D:4      | Found Zaralodo's Jewellery Boutique.
  4411 | D:4      | Reached skill level 5 in Fighting
  4859 | D:4      | Reached XP level 8. HP: 55/55 MP: 10/10
  4955 | D:4      | Found a burning altar of Makhleb.
  4955 | D:4      | Found a white marble altar of Elyvilon.
  4960 | D:4      | Found a shimmering blue altar of Sif Muna.
  5355 | D:5      | Reached skill level 9 in Stealth
  5454 | D:5      | Found an ornate altar of the Wu Jian Council.
  5476 | D:5      | Noticed Duvessa
  5487 | D:5      | Noticed Dowan
  5498 | D:5      | Killed Duvessa
  5672 | D:5      | Reached skill level 5 in Dodging
  5726 | D:5      | Killed Dowan
  5855 | D:5      | Noticed Blork the orc
  5861 | D:5      | Killed Blork the orc
  6069 | D:5      | Found a staircase to the Ecumenical Temple.
  6075 | Temple   | Entered the Ecumenical Temple
  6093 | Temple   | Became a worshipper of Gozag Ym Sagoz the Greedy
  6384 | D:6      | Reached XP level 9. HP: 62/62 MP: 13/13
  6764 | D:6      | Found a broken altar of Ashenzari.
  6904 | D:6      | Found a shimmering altar of Xom.
  6942 | D:6      | Found a hazy altar of Hepliaklqana.
  7003 | D:6      | Reached skill level 10 in Stealth
  7584 | D:7      | Reached skill level 5 in Poison Magic
  8792 | D:7      | Found a runed translucent door.
  8793 | D:7      | Noticed Crazy Yiuf
  8977 | D:7      | Reached XP level 10. HP: 69/69 MP: 16/16
  9218 | D:8      | Learned a level 4 spell: Olgreb's Toxic Radiance
  9953 | D:8      | Reached skill level 5 in Long Blades
  9953 | D:8      | Reached skill level 11 in Stealth
 10630 | D:9      | Found a stormy altar of Qazlal.
 10987 | D:9      | Noticed a two-headed ogre
 10993 | D:9      | Reached skill level 1 in Shields
 11418 | D:10     | Entered Level 10 of the Dungeon
 11535 | D:9      | Mangled by a two-headed ogre

Illustrated notes

Levels and vault maps discovered:
D:1:      ebering_trefoil_twist, layout_loops_corners,
          hellmonk_ecumenical_altar_lost_god, minmay_large_rounded_square,
          st_stairs_8
D:2:      minmay_diamond_boxcup, layout_loops_ring, basic_altar,
          amethyst_killhole
D:3:      layout_loops_corners, minmay_surrounded
D:4:      layout_loops_corners, minitemple, serial_shops, kennysheep_mini_moat,
          nicolae_diamond_shop, uniq_eustachio
D:5:      layout_loops_ring, mainiacjoe_overflow_paths,
          minmay_temple_entry_enclosed_plants, cheibrodos_sewer_entry_drain,
          uniq_duvessa, uniq_pikel, uniq_blork_the_orc
D:6:      layout_cave_pools, kennysheep_mini, evilmike_ruin_ashenzari,
          marbit_many_paths, serial_shops, nicolae_shop_hallway_stairs,
          hangedman_decor_points
D:7:      layout_basic, chequers_serial_rivers_large_b, uniq_crazy_yiuf_cottage
D:8:      layout_rooms
D:9:      layout_grid_maze, zin_statuary, trog_ov_bears_minmay,
          nicolae_qazlal_general_emergency, gammafunk_ghost_necromancy,
          enter_bailey_2, uniq_psyche
D:10:     layout_roguey, nicolae_overflow_crystal_walls, erik_orc_2,
          nicolae_trove_entry_crystal
Temple:   nicolae_temple_ecumenical_triangle

Skill      XL: |  1  2  3  4  5  6  7  8  9 10 |
---------------+-------------------------------+-----
Stealth        | 7 8 9 10 11 | 11.4
Fighting       | 4 5 6 7 |  7.4
Axes           | 3 4 |  4.0
Dodging        | 3 4 5 6 |  6.9
Poison Magic   | 2 3 5 6 |  6.4
Long Blades    | 1 3 4 5 |  5.4
Spellcasting   | 1 2 4 |  4.8
Shields        | 1 |  1.4

Action                   |  1- 3 |  4- 6 |  7- 9 | 10-12 || total
-------------------------+-------+-------+-------+-------++-------
Melee: Hand axe          |     3 |    46 |    24 |       ||    73
       Tentacles         |     1 |    13 |    32 |     7 ||    53
       Constrict         |     1 |     9 |    44 |     5 ||    59
       Long sword        |       |       |   174 |    30 ||   204
       Punch             |       |       |     2 |     1 ||     3
       Short sword       |       |       |     1 |       ||     1
 Fire: Arbalest          |       |       |    85 |    94 ||   179
Throw: Throwing net      |       |     2 |       |       ||     2
Evoke: Wand              |     3 |       |       |       ||     3
  Use: Scroll            |     2 |     1 |     4 |    13 ||    20
       Potion            |       |     1 |     2 |     3 ||     6
 Stab: Sleeping          |       |     7 |    41 |     2 ||    50
       Held in net/web   |       |     1 |       |       ||     1
       Distracted        |       |       |     2 |       ||     2
Armor: Skin              |       |     2 |     8 |     2 ||    12
Dodge: Dodged            |     3 |    31 |   126 |    49 ||   209
Block: Other             |       |     8 |    35 |    17 ||    60
       Reflection        |       |       |     2 |     4 ||     6
